 Dungeon Crawl Stone Soup version 0.29-a0-383-g8b6f518c11 (webtiles) character file.

Game seed: 5944450712538174166

125 Kenran the Scratcher (level 4, 19/19 HPs)
             Began as a Felid Transmuter on May 6, 2022.
             Quit the game on level 3 of the Dungeon.
             The game lasted 00:10:06 (5140 turns).

Kenran the Scratcher (Felid Transmuter)             Turns: 5140, Time: 00:10:07

Health: 19/19      AC:  1    Str:  6    XL:     4   Next: 82%
Magic:  8/8        EV: 18    Int: 14    God:
Gold:   110        SH:  0    Dex: 19    Spells: 3/7 levels left
                                        Lives:  0   Deaths: 1

rFire   . . .      SeeInvis +     - Unarmed
rCold   . . .      Faith    .   (shield unavailable)
rNeg    . . .      Spirit   .   (body armour unavailable)
rPois   .          Reflect  .   (helmet unavailable)
rElec   .          Harm     .   (cloak unavailable)
rCorr   +          Rampage  .   (gloves unavailable)
Will    .....                   (boots unavailable)
Stlth   +++.......              (no amulet)
HPRegen 0.06/turn               i - ring of wizardry
MPRegen 0.11/turn               l - ring of resist corrosion

@: quick
A: very small, claws 1, fangs 3, see invisible, speed 1, shaggy fur 1, stealthy
paws, no weapons or thrown items, no armour, multi-lived
a: no special abilities


You were on level 3 of the Dungeon.
You visited 1 branch of the dungeon, and saw 4 of its levels.

You collected 110 gold pieces.

Inventory:

Jewellery
 i - a ring of wizardry (left paw)
 l - a ring of resist corrosion (right paw)
Scrolls
 b - a scroll of fog {unknown}
 c - a scroll of teleportation
 d - a scroll of blinking
 g - a scroll of enchant armour {unknown}
 j - 3 scrolls of amnesia
 k - 3 scrolls of fear {unknown}
 m - a scroll of enchant weapon {unknown}
 n - a scroll of silence {unknown}
Potions
 a - a potion of lignification {!q}
 e - 2 potions of might
 f - a potion of attraction {unknown}
 h - a potion of flight {unknown}


   Skills:
 - Level 2.0 Fighting
 - Level 3.0 Dodging
 + Level 3.2 Stealth
 + Level 4.8 Unarmed Combat
 + Level 2.1 Spellcasting
 + Level 3.8 Transmutations


You had 3 spell levels left.
You knew the following spells:

 Your Spells              Type           Power      Damage    Failure   Level
a - Beastly Appendage     Tmut           24%        N/A       1%          1
b - Spider Form           Tmut/Pois      6%         N/A       13%         3

Your spell library contained the following spells:

 Spells                   Type           Power      Damage    Failure   Level
 Wereblood                Tmut           12%        N/A       3%          2
 Ice Form                 Ice/Tmut       6%         N/A       38%         4


Dungeon Overview and Level Annotations

Branches:
Dungeon (4/15)
 Temple: D:4-7

Altars:

Annotations:
D:3 4 runed translucent doors, Crazy Yiuf; Opifex's ghost, amateur DsFi; Sigmund


Innate Abilities, Weirdness & Mutations

You have sharp claws.
You have razor-sharp teeth.
You have supernaturally acute eyesight. (SInv)
You cover ground quickly. (Speed+)
You are covered in fur. (AC +1)
Your paws help you pounce on unaware monsters.
You are incapable of wielding weapons or throwing items.
You cannot wear armour.
You gain extra lives every three experience levels.


Message History

The gnoll shaman invokes the aid of its god against you.
You are outlined in light.
Press: ? - help, v - describe, . - travel, g - get item
Here: a gnoll shaman, wielding a +0 whip and wearing a +0 leather armour
Items here: a +0 ring mail; a +0 falchion.
The floor.
Unknown command.
You scratch the gnoll shaman.
The gnoll shaman is lightly wounded.
The gnoll shaman barely misses you.
You scratch the gnoll shaman but do no damage.
You headbutt the gnoll shaman.
The gnoll shaman is moderately wounded.
The gnoll shaman hits you with a +0 whip.
You scratch the gnoll shaman but do no damage.
Your claw misses the gnoll shaman. Your bite misses the gnoll shaman.
The gnoll shaman is moderately wounded.
The gnoll shaman closely misses you.
You scratch the gnoll shaman. Your headbutt misses the gnoll shaman.
The gnoll shaman is heavily wounded.
The gnoll shaman hits you with a +0 whip.
You barely miss the gnoll shaman. You headbutt the gnoll shaman.
You bite the gnoll shaman, but do no damage.
The gnoll shaman is severely wounded.
The gnoll shaman hits you with a +0 whip.
You are too injured to fight recklessly!
You closely miss the gnoll shaman.
The gnoll shaman is severely wounded.
The gnoll shaman hits you with a +0 whip.
You scratch the gnoll shaman.
You headbutt the gnoll shaman, but do no damage.
Your bite misses the gnoll shaman.
The gnoll shaman is almost dead.
The gnoll shaman hits you with a +0 whip!
You die...
Your shape twists and changes as you die.
You are now level 4!
Your horns disappear.
You rejoin the land of the living...
Are you sure you want to abandon this character and quit the game? (Confirm with "yes".)

### #.#.#
..##############...#
...................#
#.#############..#.#
#.# #..#.# #.# #..#.#
#.# #..#.# #.##
##########..#.#### #..#
#..........@.....# ##.#
#.#########...##.#
#.###.#########...##.#
#.##.........##...##.#
#.##...#####.##[..##.#
##..#....###........#.#
..........##.###..#.#.#
..).......##......#.#.#
##+++###..##..###.#.#.#


There were no monsters in sight!

Vanquished Creatures
  A scorpion (D:4)
  A hound (D:4)
  A jelly (D:4)
  An orc wizard (D:3)
  2 adders
  An ufetubus (D:4)
  2 dart slugs (D:1)
  7 orcs
  3 bats
  6 endoplasms
  3 giant cockroaches
  5 goblins
  4 hobgoblins
  7 jackals (D:2)
  3 quokkas
  8 ball pythons
  A frilled lizard (D:1)
  2 kobolds
  4 rats
62 creatures vanquished.

Notes
Turn   | Place    | Note
-------+----------+-------------------------------------------
     0 | D:1      | Kenran the Felid Transmuter began the quest for the Orb.
     0 | D:1      | Reached XP level 1. HP: 9/9 MP: 4/4
   235 | D:1      | Reached skill level 1 in Stealth
   235 | D:1      | Reached XP level 2. HP: 12/12 MP: 4/6
  1389 | D:2      | Reached XP level 3. HP: 13/16 MP: 5/7
  2676 | D:2      | Learned a level 3 spell: Spider Form
  2751 | D:3      | Noticed an ice beast
  2851 | D:3      | Found a runed translucent gate.
  2851 | D:3      | Found a runed translucent gate.
  2852 | D:3      | Found a runed translucent gate.
  2854 | D:3      | Noticed Opifex's ghost (amateur DsFi)
  3021 | D:3      | Noticed Sigmund
  3073 | D:3      | Reached XP level 4. HP: 19/19 MP: 8/8
  3519 | D:3      | Found a runed translucent door.
  3520 | D:3      | Noticed Crazy Yiuf
  3593 | D:4      | Reached skill level 4 in Unarmed Combat
  3886 | D:4      | Noticed a scorpion
  4192 | D:4      | Killed a scorpion
  4193 | D:4      | Reached XP level 5. HP: 12/22 MP: 9/9
  5139 | D:3      | Slain by a gnoll shaman
  5140 | D:3      | Reached XP level 4. HP: 0/19 MP: 8/8
  5140 | D:3      | Quit the game

Illustrated notes

Levels and vault maps discovered:
D:1:      onia_arrival_pentagram, layout_loops_ring, hex_tiny,
          hangedman_decor_points
D:2:      layout_basic
D:3:      layout_loops_ring, gammafunk_ghost_split, minmay_hedge_maze,
          uniq_sigmund, uniq_crazy_yiuf_cottage
D:4:      layout_rooms, riverfiend_overflow_shadow_ancestor

Skill      XL: |  1  2  3  4 |
---------------+-------------+-----
Dodging        | 3 |  3.0
Stealth        | 1 2 3 |  3.2
Fighting       | 2 |  2.0
Unarmed Combat | 4 |  4.8
Transmutations | 3 |  3.8
Spellcasting   | |  2.1

Action                   |  1- 3 |  4- 6 || total
-------------------------+-------+-------++-------
Melee: Unarmed           |   110 |    86 ||   196
       Headbutt          |    13 |    12 ||    25
       Punch             |     4 |     3 ||     7
       Bite              |     7 |    10 ||    17
 Cast: Beastly Appendage |    20 |    13 ||    33
  Use: Scroll            |     6 |       ||     6
       Potion            |       |     2 ||     2
 Stab: Sleeping          |     6 |     3 ||     9
Armor: Skin              |     5 |     5 ||    10
Dodge: Dodged            |    83 |    69 ||   152

Table legend: (Time is in decaauts)
 A = Elapsed time spent in this place.
 B = Non-inter-level travel time spent in this place.
 C = Inter-level travel time spent in this place.
 D = Time resting spent in this place.
 E = Time spent auto-exploring this place.
 F = Levels seen in this place.
 G = Mean time per level.
                   A        B        C        D        E       F      G
               +--------+--------+--------+--------+--------+-----+--------+
         Total |   4597 |   4487 |    110 |   2028 |   1546 |   4 | 1149.2 |
       Dungeon |   4597 |   4487 |    110 |   2028 |   1546 |   4 | 1149.2 |
               +--------+--------+--------+--------+--------+-----+--------+

Top non-repeatable levels by time:
     D:2: 1519 daAuts
     D:3: 1446 daAuts
     D:1: 1061 daAuts
     D:4: 569 daAuts
